 Dungeon Crawl Stone Soup version 0.26-a0-64-g059e62fbdb (webtiles) character file.

Game seed: 17833005225758180819

1454533 libidonplus the Slayer (level 27, 144/265 (266) HPs)
             Began as a Ghoul Monk on June 8, 2020.
             Was the Champion of Okawaru.
             Escaped with the Orb
             ... and 3 runes on June 10, 2020!
             The game lasted 06:02:54 (94297 turns).

libidonplus the Slayer (Ghoul Monk)                Turns: 94297, Time: 06:02:54

HP:   144/265 (266) AC: 39    Str: 34    XL:     27
MP:   32/32         EV: 15    Int: 11    God:    Okawaru [******]
Gold: 6532          SH:  5    Dex: 17    Spells: 26/26 levels left

rFire    + + +     SeeInvis .     - Unarmed
rCold    + + +     Gourm    .   (no shield)
rNeg     + + +     Faith    .   y - +6 gold dragon scales
rPois    ∞         Spirit   .   U - +2 hat {MR+}
rElec    +         Reflect  +   x - scarf {rC+ rF+}
rCorr    .         Harm     .   X - +2 pair of gloves of Exclusion {Str+2 Dex+6}
MR       +++..                  u - +2 pair of boots {Stlth+}
Stlth    ..........             S - amulet of reflection
HPRegen  0.54/turn              c - ring of Oenomania {*Contam rElec rF+ Str+4}
MPRegen  0.23/turn              E - ring of Moodiness {rC++ Int+6 Slay+4}

@: rotting
A: rotting body, claws 1, carnivore, cold resistance 1, negative energy
resistance 3, inhibited regeneration, torment resistance, unbreathing
0: Orb of Zot
}: 3/15 runes: barnacled, slimy, gossamer
a: Heroism, Finesse, Renounce Religion


You escaped.
You worshipped Okawaru.
Okawaru was exalted by your worship.
You were not hungry.

You visited 9 branches of the dungeon, and saw 50 of its levels.
You visited the Abyss 2 times.
You also visited: Sewer.

You collected 9977 gold pieces.
You spent 3445 gold pieces at shops.

Inventory:

Hand Weapons
 b - the +9 heavy crossbow "Sniper" {vorpal, Acc+∞ SInv}
   (You found it on level 6 of the Lair of Beasts)

   Any bolt fired from it inflicts extra damage.
   It lets you see invisible.
 w - the +8 arbalest "Elaebuc" {elec, rC+ rN+ Int+2}
   (You found it on level 6 of the Lair of Beasts)

   It charges the ammunition it shoots with electricity; occasionally upon a
   hit, such missiles may discharge and cause terrible harm.
   It affects your intelligence (+2).
   It protects you from cold.
   It protects you from negative energy.
Missiles
 J - 987 bolts
 R - a throwing net (quivered)
Armour
 u - a +2 pair of boots of stealth (worn)
 x - a scarf of resistance (worn)
 y - +6 gold dragon scales (worn)
 U - a +2 hat of magic resistance (worn)
 X - the +2 pair of gloves of Exclusion (worn) {Str+2 Dex+6}
   (Okawaru gifted it to you on level 12 of the Dungeon)

   It affects your strength (+2).
   It affects your dexterity (+6).
Jewellery
 c - the ring of Oenomania (left hand) {*Contam rElec rF+ Str+4}
   (You bought it in a shop on level 11 of the Dungeon)

   [ring of protection from fire]

   It affects your strength (+4).
   It protects you from fire.
   It insulates you from electricity.
   It causes magical contamination when unequipped.
 e - the ring of Honesty {+Fly MR+ Dex+6}
   (You found it on level 14 of the Dungeon)

   [ring of dexterity]

   It affects your dexterity (+6).
   It affects your resistance to hostile enchantments.
   It lets you fly.
 n - the ring "Seful" {+Inv rF+ Int-5 Slay+4}
   (You found it on level 5 of the Pits of Slime)

   [ring of slaying]

   It affects your intelligence (-5).
   It affects your accuracy and damage with ranged weapons and melee attacks
   (+4).
   It protects you from fire.
   It lets you turn invisible.
 r - the ring of Trepidation {+Inv rF- MR+ Str+4 SInv}
   (You found it on level 5 of the Pits of Slime)

   [ring of see invisible]

   It affects your strength (+4).
   It makes you vulnerable to fire.
   It affects your resistance to hostile enchantments.
   It lets you see invisible.
   It lets you turn invisible.
 E - the ring of Moodiness (right hand) {rC++ Int+6 Slay+4}
   (You bought it in a shop on level 3 of the Vaults)

   [ring of intelligence]

   It affects your intelligence (+6).
   It affects your accuracy and damage with ranged weapons and melee attacks
   (+4).
   It greatly protects you from cold.
 K - the ring of Miracles {rF+++ rCorr Str-3 Int+5}
   (You acquired it on level 1 of the Spider Nest)

   [ring of resist corrosion]

   It affects your strength (-3).
   It affects your intelligence (+5).
   It renders you almost immune to fire.
   It provides partial protection from all sources of acid and corrosion.
 S - an amulet of reflection (around neck)
Wands
 h - a wand of digging (6)
 o - a wand of enslavement (13)
 q - a wand of acid (14)
 z - a wand of clouds (3)
 A - a wand of iceblast (85)
 M - a wand of polymorph (10)
 P - a wand of paralysis (36)
 Z - a wand of disintegration (40)
Scrolls
 d - 4 scrolls of blinking
 f - 7 scrolls of fog
 i - 5 scrolls of magic mapping
 l - 10 scrolls of teleportation
 m - 21 scrolls of remove curse
 p - 11 scrolls of fear
 B - 6 scrolls of immolation
 C - 5 scrolls of torment
 H - 4 scrolls of enchant weapon
 N - 2 scrolls of holy word
 Q - 3 scrolls of silence
 Y - 13 scrolls of identify
Potions
 g - 15 potions of curing
 j - 8 potions of ambrosia
 s - 6 potions of mutation
 t - 5 potions of stabbing
 v - 6 potions of haste
 D - 2 potions of cancellation
 F - 7 potions of heal wounds
 G - 2 potions of invisibility
 L - 4 potions of magic
 O - 8 potions of brilliance
 V - 5 potions of resistance
Miscellaneous
 W - a phantom mirror
Comestibles
 a - 77 rations


   Skills:
 + Level 25.4 Fighting
 * Level 20.8 Crossbows
 + Level 20.8 Armour
 - Level 12.4 Dodging
 - Level 2.1 Stealth
 - Level 21.0 Unarmed Combat
 - Level 13.5 Invocations


You had 26 spell levels left.
You didn't know any spells.
Your spell library contained the following spells:

 Spells                   Type           Power        Failure   Level  Hunger
 Animate Skeleton         Necr           N/A          95%         1    ##.....
 Apportation              Tloc           #.....       95%         1    ##.....
 Corona                   Hex            #......      95%         1    ##.....
 Foxfire                  Conj/Fire      #...         95%         1    ##.....
 Infusion                 Chrm           #...         95%         1    ##.....
 Pain                     Necr           #...         95%         1    ##.....
 Sting                    Tmut/Pois      #...         95%         1    ##.....
 Summon Butterflies       Summ           #.......     95%         1    ##.....
 Ensorcelled Hibernation  Hex/Ice        #.....       98%         2    ###....
 Poisonous Vapours        Pois/Air       #.....       98%         2    ###....
 Shroud of Golubria       Chrm/Tloc      #.....       98%         2    ###....
 Slow                     Hex            #.......     98%         2    ###....
 Song of Slaying          Chrm           #.......     98%         2    ###....
 Sticks to Snakes         Tmut           #.......     98%         2    ###....
 Conjure Flame            Conj/Fire      #.......     100%        3    ####...
 Ignite Poison            Fire/Tmut/Pois #.......     100%        3    ####...
 Inner Flame              Hex/Fire       #.......     100%        3    ####...
 Lesser Beckoning         Tloc           #.........   100%        3    ####...
 Mephitic Cloud           Conj/Pois/Air  #.......     100%        3    ####...
 Ozocubu's Armour         Chrm/Ice       #.......     100%        3    ####...
 Portal Projectile        Hex/Tloc       #.....       100%        3    ####...
 Spectral Weapon          Hex/Chrm       #.......     100%        3    ####...
 Tukima's Dance           Hex            #.......     100%        3    ####...
 Vampiric Draining        Necr           #.........   100%        3    ####...
 Animate Dead             Necr           N/A          100%        4    #####..
 Cause Fear               Hex            #.........   100%        4    #####..
 Leda's Liquefaction      Hex/Erth       #.........   100%        4    #####..
 Olgreb's Toxic Radiance  Pois           #.......     100%        4    #####..
 Sticky Flame             Conj/Fire      #.......     100%        4    #####..
 Agony                    Necr           #.......     100%        5    ######.
 Alistair's Intoxication  Tmut/Pois      #.......     100%        5    ######.
 Bolt of Magma            Conj/Fire/Erth #.........   100%        5    ######.
 Borgnjor's Vile Clutch   Necr/Erth      #.........   100%        5    ######.
 Fireball                 Conj/Fire      #.........   100%        5    ######.
 Iskenderun's Battlesphe  Conj/Chrm      #.......     100%        5    ######.
 Silence                  Hex/Air        #.........   100%        5    ######.
 Darkness                 Hex            #.........   100%        6    #######
 Invisibility             Hex            #.......     100%        6    #######
 Iron Shot                Conj/Erth      #.........   100%        6    #######
 Shadow Creatures         Summ           N/A          100%        6    #######
 Haunt                    Necr/Summ      #.........   100%        7    #######
 Malign Gateway           Summ/Tloc      #.........   100%        7    #######
 Monstrous Menagerie      Summ           #.........   100%        7    #######
 Orb of Destruction       Conj           #.........   100%        7    #######
 Spellforged Servitor     Conj/Summ      #.........   100%        7    #######
 Summon Greater Demon     Summ           #.........   100%        7    #######
 Infestation              Necr           #.........   100%        8    #######
 Summon Horrible Things   Summ           #.........   100%        8    #######
 Shatter                  Erth           #.........   100%        9    #######
 Beastly Appendage        Tmut           Unusable     N/A         1    N/A
 Spider Form              Tmut/Pois      Unusable     N/A         3    N/A
 Ice Form                 Ice/Tmut       Unusable     N/A         4    N/A
 Blade Hands              Tmut           Unusable     N/A         5    N/A
 Statue Form              Tmut/Erth      Unusable     N/A         6    N/A
 Borgnjor's Revivificati  Necr           Unusable     N/A         8    N/A
 Death's Door             Chrm/Necr      Unusable     N/A         8    N/A
 Necromutation            Tmut/Necr      Unusable     N/A         8    N/A

Dungeon Overview and Level Annotations

Branches:
Dungeon (15/15)            Temple (0/1) D:6            Lair (6/6) D:11
 Shoals (4/4) Lair:4       Spider (4/4) Lair:3        Slime (5/5) Lair:5
    Orc (2/2) D:9             Elf (0/3) Orc:2        Vaults (4/5) D:13
  Crypt (0/3) Vaults:2     Depths (5/5) D:15            Zot (5/5) Depths:5
  Sewer (visited)

Altars:
Elyvilon
Fedhas
Kikubaaqudgha
Makhleb
Okawaru
Qazlal
Vehumet
Wu Jian
Xom
Zin
The Shining One
Beogh
Jiyva

Shops:
D:7 *   D:11 (*[=(   D:12 *   Orc:2 :[}*   Shoals:1 (*=   Vaults:2 !
Vaults:3 =   Depths:5 [

Portals:
Hell: Depths:1 Depths:2 Depths:3 Depths:4 Depths:5
Abyss: Depths:3 Depths:4
Pandemonium: Depths:1 Depths:3
Ziggurat: Depths:2
Trove: Depths:2 (give 2 scrolls of acquirement)

Annotations:
D:7 Prince Ribbit
D:10 2 transporters, paps's ghost, journeyman DsGl
D:15 exclusion: oklob plant
Lair:1 3 runed translucent doors, exclusion: 2 downstairs, FabianWz's ghost, journeyman DECj
Shoals:3 Roxanne
Zot:3 2 transporters
Zot:4 1 transporter


Innate Abilities, Weirdness & Mutations

Your body is rotting away.
You thrive on raw meat.
You are immune to poison.
You have sharp fingernails.
You are carnivorous and can eat meat at any time.
Your flesh is cold resistant. (rC+)
You are immune to negative energy. (rN+++)
You do not regenerate when monsters are visible.
You are immune to unholy pain and torment.
You can survive without breathing.


Message History

You pummel the large abomination!!
The large abomination is heavily damaged.
The large abomination barely misses you.
You punch the large abomination!
You punch the large abomination, but do no damage.
The large abomination is severely damaged.
The large abomination closely misses you.
You punch the large abomination! You punch the large abomination.
You destroy the large abomination!
Okawaru accepts your kill.
(D) Dungeon (T) Temple (L) Lair (A) Shoals (N) Spider Nest (M) Slime Pits (O) Orcish Mines (E) Elven Halls (V) Vaults (C) Crypt (U) Depths (H) Hell (Z) Zot
Where to? (Enter - D:1, ? - help) You're already here!
Unknown command.
You see here a whip.
There is a staircase leading out of the dungeon here.
You have escaped!

#..###.###.###########
#..................[.#
##
#..##.####.#########.#
.# #..##.####.## #.#
.####...#.......# #.#
......#.######..## #.#
.##...#..........##
#.#
.##.#####.#####...#
#.# ......#..(# ##@##
#.# #####.#.###
####### #.# #...#
##.....## #.#
##..######....#..###.#
#...................#
#.###..##..##..##...#
#.# #.####....####..#
#.# #.## ##..## ##.##
#.###..## #..# ##..#


There were no monsters in sight!

Vanquished Creatures
  the Royal Jelly (Slime:5)
  3 ancient liches (Zot:5)
  3 orbs of fire
  Mennas (Depths:3)
  Mara (Vaults:2)
  3 juggernauts
  3 Killer Klowns (Zot:5)
  Saint Roka (Depths:4)
  Xtahua (Depths:4)
  A curse toe (Zot:4)
  6 caustic shrikes
  Jory (Depths:4)
  12 golden dragons
  Nikola (Spider:3)
  3 bone dragons
  A Tzitzimitl (Zot:2)
  3 electric golems
  13 tentacled monstrosities
  24 Orb Guardians
  6 liches
  4 quicksilver dragons
  An acid blob (shapeshifter) (Depths:2)
  A titan (Depths:3)
  25 acid blobs
  An Executioner (D:1)
  3 sphinxes
  3 tentacled starspawn
  7 death cobs
  8 shadow dragons
  7 draconian monks
  11 azure jellies
  6 tengu reavers
  5 storm dragons
  Ilsuiw (Shoals:3)
  Donald (Shoals:3)
  6 frost giants
  2 draconian knights (Zot:5)
  Louise (Depths:3)
  11 vault wardens
  2 iron dragons (Depths:4)
  A deep elf sorcerer (Abyss:5)
  5 draconian scorchers
  8 fire giants
  7 ghost moths
  4 emperor scorpions
  8 draconian shifters
  4 draconian annihilators
  2 spriggan defenders
  11 ironheart preservers
  20 very ugly things
  15 stone giants
  2 vampire knights
  Azrael (Orc:2)
  6 entropy weavers
  A dire elephant (D:15)
  14 red draconians
  4 green draconians (Zot:5)
  8 black draconians
  A deep elf annihilator (Depths:4)
  9 white draconians
  14 spark wasps
  6 yellow draconians
  2 blizzard demons
  2 lorocyprocas (Zot:2)
  7 purple draconians
  2 deep elf death magi
  8 death oozes
  11 merfolk impalers
  15 ettins
  13 fire dragons
  A green death (D:5)
  4 merfolk javelineers
  8 great orbs of eyes
  13 yaktaur captains
  A deep elf high priest (Depths:2)
  7 rakshasas
  5 vault guards
  17 ice dragons
  7 merfolk avatars
  4 spriggan air magi
  8 hydras
  5 centaur warriors
  2 catoblepae (Lair:6)
  32 two-headed ogres
  4 merfolk aquamancers (Shoals:4)
  A satyr (shapeshifter) (Depths:4)
  14 ogre magi
  2 satyrs
  4 death yaks
  A death knight (Vaults:2)
  4 tengu warriors
  9 deep troll earth magi
  6 orc high priests
  5 spriggan berserkers
  6 deep troll shamans
  A queen ant (Spider:1)
  2 vampire magi (Depths:3)
  5 thrashing horrors (Abyss:5)
  2 hell hogs (Depths:5)
  Urug (D:11)
  A shock serpent (shapeshifter) (Vaults:1)
  A wretched star (Abyss:5)
  4 deep elf knights
  6 spriggans
  A spatial maelstrom (Abyss:2)
  3 shadow wraiths
  An iron troll (Depths:2)
  6 sea snakes
  A fire crab (Shoals:1)
  2 unseen horrors
  A death drake (shapeshifter) (Vaults:4)
  3 glowing orange brains
  5 hell knights (Depths:4)
  2 unseen horrors (shapeshifter)
  An infernal demonspawn (Zot:5)
  23 deep trolls
  A cherub (D:6)
  4 flayed ghosts
  A sphinx zombie (Depths:3)
  3 lindwurms (Lair:6)
  3 wizards
  11 ironbrand convokers
  A shining eye (shapeshifter) (Depths:4)
  29 wolf spiders
  14 harpies
  5 necromancers
  10 orc knights
  19 orb spiders
  A mana viper (shapeshifter) (Depths:4)
  2 orb spiders (shapeshifter)
  12 deep elf magi
  25 ugly things
  13 manticores
  An orc sorcerer (Vaults:2)
  A fire giant zombie (Depths:3)
  6 shining eyes
  A glowing shapeshifter (Depths:4)
  4 oklob plants (Lair:4)
  A cyclops (shapeshifter) (Depths:5)
  9 cyclopes
  12 moths of wrath
  17 fauns
  A guardian serpent (shapeshifter) (D:13)
  A rust devil (Depths:1)
  A frost giant skeleton (Depths:3)
  13 vault sentinels
  An apocalypse crab (Abyss:2)
  12 elephants
  A water nymph (shapeshifter) (Depths:2)
  12 merfolk sirens
  A smoke demon (Abyss:5)
  4 water nymphs
  12 black mambas
  5 spectral swamp worms (Depths:3)
  10 torpor snails
  An eye of devastation (Slime:4)
  11 komodo dragons
  Maggie (Lair:2)
  12 spiny frogs
  4 centaur skeletons
  6 rime drakes
  An efreet (Abyss:2)
  A hellion (Abyss:5)
  26 yaktaurs
  6 demonic crawlers
  5 freezing wraiths
  A human skeleton (Vaults:1)
  An ancient zyme (Abyss:2)
  A yaktaur skeleton (Vaults:1)
  37 merfolk
  A merfolk (shapeshifter) (Depths:3)
  A queen bee (D:11)
  2 tengu conjurers (Depths:4)
  7 trolls
  28 jumping spiders
  A jumping spider (shapeshifter) (Depths:2)
  A troll (shapeshifter) (Depths:2)
  2 polar bears
  3 tyrant leeches (Lair:6)
  10 snapping turtles
  4 wind drakes
  A raiju (shapeshifter) (Depths:4)
  20 blink frogs
  A meliai zombie (D:14)
  22 hornets
  4 raiju (Abyss:2)
  97 slime creatures
  3 dream sheep
  11 hippogriffs
  A hippogriff (shapeshifter) (Vaults:2)
  7 large abominations
  4 flying skulls (Abyss:2)
  9 starcursed masses
  71 redbacks
  A spriggan (shapeshifter) (D:14)
  2 vampires (D:15)
  38 yaks
  2 shadows
  7 water elementals
  A ynoxinul (Depths:5)
  6 wraiths
  A yak (shapeshifter) (Vaults:3)
  A fire elemental (Orc:2)
  29 tarantellas
  5 wyverns
  6 basilisks
  4 fire bats
  10 golden eyes
  A yaktaur simulacrum (Vaults:1)
  5 chaos spawn
  2 neqoxecs
  A fire bat (shapeshifter) (Vaults:4)
  Menkaure (D:7)
  13 wargs
  10 soldier ants
  2 spatial vortices (Abyss:2)
  6 vampire mosquitoes (D:15)
  11 hell hounds
  3 acid dragons
  A soldier ant (shapeshifter) (Vaults:1)
  A porcupine (shapeshifter) (Depths:4)
  18 water moccasins
  3 ice beasts
  3 porcupines
  3 phantoms
  Purgy (Sewer)
  34 orc warriors
  A sky beast (D:10)
  6 eyes of draining
  An eye of draining (shapeshifter) (Depths:3)
  An ice dragon simulacrum (Vaults:1)
  A boggart (shapeshifter) (Depths:4)
  26 ogres
  A boggart (Depths:3)
  17 centaurs
  17 wolves
  12 crocodiles
  12 small abominations
  2 big kobolds
  18 bullfrogs
  A gnoll sergeant (D:10)
  2 human simulacra
  22 killer bees
  9 scorpions
  6 wights
  5 howler monkeys
  An electric eel (Spider:3)
  10 crimson imps
  3 centaur zombies
  3 quasits
  3 hounds
  A jelly (shapeshifter) (Abyss:2)
  5 iguanas
  5 jellies
  47 orc priests
  26 orc wizards
  34 worker ants
  A worker ant (shapeshifter) (Abyss:2)
  2 hound skeletons
  A worker ant zombie (D:11)
  2 gnolls (shapeshifter) (Abyss:2)
  An adder (shapeshifter) (Abyss:2)
  3 gnolls (D:10)
  13 adders
  A white imp (Depths:2)
  3 ufetubi
  An ooze (D:2)
  4 adder zombies
  2 adder skeletons
  3 worms
  2 dart slugs
  8 leopard geckos
  102 orcs
  A bat skeleton (D:2)
  A bat zombie (D:2)
  7 giant cockroaches
  10 goblins
  7 hobgoblins
  3 jackals (D:1)
  4 quokkas
  A ball python (D:6)
  7 bats
  5 frilled lizards
  A giant cockroach zombie (D:5)
  A jackal skeleton (D:6)
  A jackal zombie (D:2)
  13 kobolds
  A leopard gecko skeleton (D:2)
  3 quokka skeletons (D:4)
  4 rats
  A lurking horror (Abyss:5)
  2 plants
  A starspawn tentacle (Abyss:2)
2105 creatures vanquished.

Vanquished Creatures (others)
  An ancient lich (Zot:5)
  A fire giant (Depths:4)
  A vault warden (Vaults:2)
  An ironheart preserver (Vaults:2)
  A jumping spider (Spider:2)
  A redback (Spider:4)
  A chaos spawn (Abyss:5)
  2 small abominations
  A centaur (Depths:1)
  19 fungi
  74 plants
  5 starspawn tentacles
108 creatures vanquished.

Grand Total: 2213 creatures vanquished

Notes
Turn   | Place    | Note
-------+----------+-------------------------------------------
     0 | D:1      | libidonplus the Ghoul Monk began the quest for the Orb.
     0 | D:1      | Reached XP level 1. HP: 19/19 MP: 0/0
   156 | D:1      | Reached XP level 2. HP: 25/26 MP: 1/1
   475 | D:1      | Reached XP level 3. HP: 29/31 MP: 2/2
  1407 | D:2      | Reached XP level 4. HP: 40/40 MP: 3/3
  1960 | D:3      | Reached skill level 4 in Fighting
  1960 | D:3      | Reached skill level 1 in Armour
  1965 | D:3      | Found a glowing drain.
  2020 | D:3      | Reached XP level 5. HP: 28/45 MP: 4/4
  2030 | D:3      | Reached skill level 5 in Unarmed Combat
  2045 | Sewer    | Entered a sewer
  2159 | Sewer    | Noticed Purgy
  2188 | Sewer    | Killed Purgy
  2502 | Sewer    | Reached XP level 6. HP: 47/53 MP: 5/5
  2855 | D:3      | You fall into a shaft and drop 1 floor!
  3028 | D:3      | Noticed a sky beast
  3232 | D:3      | Found a faded altar of an unknown god.
  3659 | D:4      | Found a white marble altar of Elyvilon.
  3863 | D:4      | Reached skill level 5 in Fighting
  3947 | D:4      | Found a glowing silver altar of Zin.
  3974 | D:4      | Reached XP level 7. HP: 43/61 MP: 6/6
  4636 | D:5      | Entered Level 5 of the Dungeon
  5163 | D:5      | Reached XP level 8. HP: 61/70 MP: 7/7
  5382 | D:5      | Reached skill level 6 in Fighting
  5568 | D:5      | Found a white marble altar of Elyvilon.
  6114 | D:6      | Found a stormy altar of Qazlal.
  6114 | D:6      | Found a glowing golden altar of the Shining One.
  6114 | D:6      | Found an iron altar of Okawaru.
  6119 | D:6      | Found an ornate altar of the Wu Jian Council.
  6158 | D:6      | Became a worshipper of Warmaster Okawaru
  6158 | D:6      | Reached * piety under Okawaru
  6158 | D:6      | Reached ** piety under Okawaru
  6223 | D:6      | Found a staircase to the Ecumenical Temple.
  7156 | D:7      | Noticed Prince Ribbit
  7339 | D:7      | Reached skill level 1 in Invocations
  7339 | D:7      | Reached XP level 9. HP: 77/77 MP: 8/8
  7411 | D:7      | Found an ancient bone altar of Kikubaaqudgha.
  7468 | D:7      | Found Ritiabe's General Store.
  7476 | D:7      | Bought a scroll of blinking for 97 gold pieces
  7514 | D:7      | Found a shimmering altar of Xom.
  7587 | D:7      | Reached skill level 7 in Fighting
  8525 | D:7      | Noticed Menkaure
  8534 | D:7      | Killed Menkaure
  8534 | D:7      | Reached skill level 5 in Armour
  8757 | D:8      | Reached skill level 10 in Unarmed Combat
  9454 | D:8      | Noticed a two-headed ogre
  9798 | D:9      | Found a blossoming altar of Fedhas.
  9865 | D:9      | Found a radiant altar of Vehumet.
  9866 | D:9      | Found a burning altar of Makhleb.
 10022 | D:9      | Noticed a troll
 10043 | D:9      | Killed a troll
 10043 | D:9      | Reached XP level 10. HP: 81/88 MP: 8/12
 10075 | D:9      | Reached skill level 8 in Fighting
 10507 | D:9      | Reached *** piety under Okawaru
 11338 | D:9      | Found a staircase to the Orcish Mines.
 11352 | D:10     | Entered Level 10 of the Dungeon
 11704 | D:10     | Found a transporter.
 11706 | D:10     | Noticed paps's ghost (journeyman DsGl)
 11706 | D:10     | Noticed a moth of wrath
 11709 | D:10     | Noticed a fire dragon
 11790 | D:10     | Found a transporter.
 11814 | D:10     | Reached skill level 5 in Invocations
 11917 | D:10     | Killed an unseen horror
 12595 | Orc:1    | Entered Level 1 of the Orcish Mines
 12595 | Orc:1    | Noticed an orc knight
 13014 | D:11     | Found Sitzokum's Jewellery Boutique.
 13044 | D:11     | Noticed a manticore
 13107 | D:11     | Killed a manticore
 13107 | D:11     | Reached **** piety under Okawaru
 13178 | D:11     | Found a staircase to the Lair.
 13248 | D:11     | Reached skill level 9 in Fighting
 13272 | D:11     | Reached XP level 11. HP: 82/97 MP: 11/14
 13353 | D:11     | Found Hycicuw's Antique Weapon Emporium.
 13445 | D:11     | Noticed Urug
 13659 | D:11     | Found Vikoloxavi's Armour Boutique.
 13665 | D:11     | Noticed a cyclops
 13672 | D:11     | Killed a cyclops
 13676 | D:11     | Noticed an eight-headed hydra
 13874 | D:11     | Noticed a death yak
 13952 | D:11     | Found Plog's Antique Weapon Shop.
 13975 | D:11     | Received a gift from Okawaru
 14133 | D:11     | Bought a dazzling hunting sling for 149 gold pieces
 14133 | D:11     | Identified the cursed +1 hunting sling of the Depths
                  | {venom, MR+ Stlth+} (You bought it in a shop on level 11 of
                  | the Dungeon)
 14298 | D:11     | Found Tidghuaj's General Store.
 15531 | D:12     | Reached ***** piety under Okawaru
 15539 | D:12     | Noticed a manticore
 15574 | D:12     | Reached skill level 10 in Fighting
 15959 | D:12     | Noticed a red ugly thing
 16267 | Lair:1   | Entered Level 1 of the Lair of Beasts
 16327 | Lair:1   | Noticed a minotaur
 16327 | Lair:1   | Noticed FabianWz's ghost (journeyman DECj)
 16336 | Lair:1   | Found a runed translucent gate.
 16336 | Lair:1   | Found a runed translucent gate.
 16336 | Lair:1   | Found a runed translucent gate.
 16342 | Lair:1   | Noticed a four-headed hydra
 16352 | Lair:1   | Killed a four-headed hydra
 16357 | Lair:1   | Received a gift from Okawaru
 16677 | Lair:1   | Reached XP level 12. HP: 107/107 MP: 15/15
 16846 | Lair:1   | Received a gift from Okawaru
 17339 | Lair:2   | Noticed an eight-headed hydra
 17700 | Lair:2   | Killed an eight-headed hydra
 18477 | Lair:2   | Identified a scroll of acquirement
 18666 | Lair:2   | Noticed Maggie
 18679 | Lair:2   | Killed Maggie
 18982 | Lair:3   | Upgraded the game from 0.26-a0-58-g79b31b8662 to
                  | 0.26-a0-61-g6c07f0ee8d
 19055 | Lair:3   | Found a hole to the Spider Nest.
 19068 | Lair:3   | Reached skill level 11 in Fighting
 19342 | Lair:3   | Found the cursed +13 scythe of Curses {drain, *Curse}
 19383 | Lair:3   | Found a gate leading to a gauntlet.
 20864 | Lair:4   | Noticed an eight-headed hydra
 20875 | Lair:4   | Reached skill level 15 in Unarmed Combat
 20901 | Lair:4   | Killed an eight-headed hydra
 20901 | Lair:4   | Reached skill level 12 in Fighting
 21134 | Lair:4   | Reached XP level 13. HP: 112/118 MP: 17/17
 21800 | Lair:4   | Found a staircase to the Shoals.
 22918 | Lair:5   | Reached skill level 13 in Fighting
 22939 | Lair:5   | Found a staircase to the Slime Pits.
 22939 | Lair:5   | Found a viscous altar of Jiyva.
 23630 | Lair:6   | Entered Level 6 of the Lair of Beasts
 23650 | Lair:5   | Reached ****** piety under Okawaru
 23650 | Lair:5   | Reached skill level 10 in Armour
 23962 | Lair:5   | Received a gift from Okawaru
 24604 | Lair:6   | Reached skill level 14 in Fighting
 24767 | Lair:6   | Reached XP level 14. HP: 101/132 MP: 18/18
 25724 | Lair:6   | Got a faintly glowing arbalest
 25737 | Lair:5   | Identified the +8 arbalest "Elaebuc" {elec, rC+ rN+ Int+2}
                  | (You found it on level 6 of the Lair of Beasts)
 26264 | Lair:6   | Reached skill level 15 in Fighting
 26468 | Lair:6   | Received a gift from Okawaru
 26700 | Lair:6   | Found the +9 heavy crossbow "Sniper" {vorpal, Acc+∞ SInv}
 26961 | Lair:6   | Found a runed translucent door.
 27093 | Lair:6   | Reached skill level 1 in Crossbows
 27208 | Lair:6   | Received a gift from Okawaru
 27211 | Lair:6   | Got a jewelled ring mail {god gift}
 27530 | Lair:6   | Identified the +4 ring mail of the Hills {-Tele rC+ rN++
                  | rCorr} (Okawaru gifted it to you on level 6 of the Lair of
                  | Beasts)
 27758 | D:11     | Killed Urug
 28046 | D:11     | Bought the ring of Oenomania {*Contam rElec rF+ Str+4} for
                  | 543 gold pieces
 28333 | Orc:1    | Reached skill level 16 in Fighting
 29034 | Orc:2    | Entered Level 2 of the Orcish Mines
 29109 | Orc:2    | Reached XP level 15. HP: 144/144 MP: 19/19
 29425 | Orc:2    | Noticed Azrael
 29437 | Orc:2    | Killed Azrael
 30960 | Orc:2    | Found Cogesipp's Antique Armour Boutique.
 30960 | Orc:2    | Found Bipuk's Book Shoppe.
 31361 | Orc:2    | Found a staircase to the Elven Halls.
 31625 | Orc:2    | Found a roughly hewn altar of Beogh.
 31685 | Orc:2    | Found a roughly hewn altar of Beogh.
 31693 | Orc:2    | Found Fim Xung's Gadget Shoppe.
 31693 | Orc:2    | Found Efesoan's General Store.
 32217 | D:12     | Found Fygioppe's Assorted Antiques.
 32231 | D:12     | Bought a scroll of teleportation for 75 gold pieces
 32452 | D:12     | Received a gift from Okawaru
 32462 | D:12     | Got a pair of slimy gloves {god gift}
 32473 | D:12     | Identified the +2 pair of gloves of Exclusion {Str+2 Dex+6}
                  | (Okawaru gifted it to you on level 12 of the Dungeon)
 33100 | D:13     | Found a gate to the Vaults.
 33117 | D:13     | Reached skill level 17 in Fighting
 33648 | D:14     | Reached skill level 5 in Dodging
 33730 | D:14     | Reached skill level 5 in Crossbows
 33911 | D:14     | Got a translucent granite ring
 33912 | D:14     | Identified the ring of Honesty {+Fly MR+ Dex+6} (You found
                  | it on level 14 of the Dungeon)
 34899 | D:15     | Entered Level 15 of the Dungeon
 35140 | Spider:1 | Entered Level 1 of the Spider Nest
 35173 | Lair:3   | Received a gift from Okawaru
 35381 | Spider:1 | Got the ring of Miracles {rF+++ rCorr Str-3 Int+5}
 35956 | Spider:1 | Reached XP level 16. HP: 143/155 MP: 20/20
 35984 | Spider:1 | Received a gift from Okawaru
 36929 | Spider:2 | Received a gift from Okawaru
 37663 | Spider:2 | Got a scorched cloak
 37674 | Spider:2 | Identified the cursed +0 cloak "Hoije" {-Cast Harm rElec
                  | rN+++} (You found it on level 2 of the Spider Nest)
 37938 | Spider:3 | Noticed Nikola
 37958 | Spider:3 | Killed Nikola
 38116 | Spider:3 | Reached skill level 18 in Fighting
 39276 | Spider:4 | Entered Level 4 of the Spider Nest
 39473 | Spider:4 | Received a gift from Okawaru
 39908 | Spider:4 | Reached XP level 17. HP: 165/165 MP: 21/21
 41802 | Spider:4 | Received a gift from Okawaru
 41819 | Spider:4 | Got a dazzling fustibalus {god gift}
 41857 | Spider:3 | Identified the +5 fustibalus of Dissent {freeze, rElec
                  | Dex+4} (Okawaru gifted it to you on level 4 of the Spider
                  | Nest)
 42280 | Spider:4 | Got a gossamer rune of Zot
 42468 | Shoals:1 | Entered Level 1 of the Shoals
 42552 | Shoals:1 | Found Ityvy's General Store.
 42574 | Shoals:1 | Bought a scroll of magic mapping for 42 gold pieces
 42574 | Shoals:1 | Bought a scroll of teleportation for 36 gold pieces
 43188 | Shoals:1 | Found Finukonk's Antique Weapon Boutique.
 43384 | Shoals:1 | Found Kacuw's Jewellery Shop.
 43541 | Shoals:1 | Received a gift from Okawaru
 43543 | Shoals:1 | Noticed a kraken
 44116 | Shoals:2 | You fall into a shaft and drop 1 floor!
 44148 | Shoals:3 | Noticed Roxanne
 44242 | Shoals:3 | Noticed Ilsuiw
 44359 | Shoals:3 | Reached skill level 19 in Fighting
 44422 | Shoals:2 | Found a shimmering altar of Xom.
 44833 | Shoals:2 | Reached XP level 18. HP: 124/175 MP: 22/22
 45477 | Shoals:3 | Killed Ilsuiw
 46270 | Shoals:3 | Reached skill level 10 in Crossbows
 46508 | Shoals:3 | Noticed Donald
 46725 | Shoals:3 | Killed Donald
 46725 | Shoals:3 | Received a gift from Okawaru
 46734 | Shoals:3 | Got a slimy ring mail {god gift}
 46839 | Shoals:4 | Entered Level 4 of the Shoals
 49368 | Shoals:4 | Got a barnacled rune of Zot
 49736 | D:12     | Bought a potion of curing for 75 gold pieces
 50981 | D:15     | Found a staircase to the Depths.
 51025 | D:15     | Found a glowing silver altar of Zin.
 51439 | Vaults:1 | Entered Level 1 of the Vaults
 51505 | Vaults:1 | Received a gift from Okawaru
 52128 | D:13     | Reached XP level 19. HP: 118/184 MP: 23/23
 52767 | Vaults:1 | Reached skill level 15 in Armour
 53247 | Vaults:1 | Reached skill level 20 in Fighting
 55106 | Vaults:2 | Noticed Mara
 55110 | Vaults:2 | Noticed libidonplus's illusion
 55111 | Vaults:2 | Killed Mara
 55111 | Vaults:2 | Received a gift from Okawaru
 56363 | Vaults:2 | Reached XP level 20. HP: 79/195 MP: 16/24
 57078 | Vaults:2 | Found a staircase to the Crypt.
 57357 | Vaults:2 | Received a gift from Okawaru
 58207 | Vaults:2 | Found Fidis's Distillery.
 58215 | Vaults:2 | Bought a potion of cancellation for 128 gold pieces
 58215 | Vaults:2 | Bought a potion of resistance for 160 gold pieces
 58215 | Vaults:2 | Bought a potion of resistance for 160 gold pieces
 58215 | Vaults:2 | Bought a potion of curing for 48 gold pieces
 58215 | Vaults:2 | Bought a potion of heal wounds for 80 gold pieces
 58215 | Vaults:2 | Bought a potion of haste for 160 gold pieces
 58215 | Vaults:2 | Bought 2 potions of curing for 96 gold pieces
 58490 | Vaults:2 | Upgraded the game from 0.26-a0-61-g6c07f0ee8d to
                  | 0.26-a0-64-g059e62fbdb
 58930 | Vaults:3 | Received a gift from Okawaru
 59725 | Vaults:3 | Got a brightly glowing arbalest {god gift}
 59726 | Vaults:3 | Identified the +1 arbalest of Baifon {flame, +Blink rElec
                  | Int-2 Dex+3} (Okawaru gifted it to you on level 3 of the
                  | Vaults)
 59838 | Vaults:3 | Found Haptecsi's Jewellery Shop.
 59846 | Vaults:3 | Bought the ring of Moodiness {rC++ Int+6 Slay+4} for 1596
                  | gold pieces
 60521 | Vaults:3 | Reached skill level 10 in Invocations
 61301 | Vaults:4 | Received a gift from Okawaru
 61943 | Vaults:4 | Received a gift from Okawaru
 61949 | Vaults:4 | Got a pair of warped boots {god gift}
 61960 | Vaults:4 | Identified the -1 pair of boots "Helen" {*Corrode +Blink
                  | rPois Regen+} (Okawaru gifted it to you on level 4 of the
                  | Vaults)
 62302 | Vaults:3 | Reached XP level 21. HP: 156/203 MP: 28/28
 63477 | Vaults:4 | Reached skill level 21 in Fighting
 64231 | Depths:1 | Entered Level 1 of the Depths
 64780 | Depths:1 | Received a gift from Okawaru
 65377 | Depths:1 | Identified the +9 morningstar of True Grit {venom, +Fly
                  | rElec Str-3}
 65377 | Depths:1 | Identified the amulet of Myphomest {RegenMP rElec Str+4
                  | Int-4}
 65572 | Depths:1 | Received a gift from Okawaru
 66052 | Depths:1 | Found a gateway to Hell.
 66132 | Depths:1 | Found a one-way gate leading to the halls of Pandemonium.
 67736 | Depths:2 | Found a portal to a secret trove of treasure.
 67817 | Depths:2 | Received a gift from Okawaru
 68193 | Depths:2 | Found a gateway to a ziggurat.
 68241 | Depths:2 | Noticed a golden dragon
 68250 | Depths:2 | Killed a golden dragon
 68254 | Depths:2 | Noticed a golden dragon
 68472 | Depths:2 | Reached XP level 22. HP: 179/213 MP: 29/31
 68480 | Depths:2 | Killed a golden dragon
 70053 | Depths:3 | Received a gift from Okawaru
 70447 | Depths:3 | Found a one-way gate to the infinite horrors of the Abyss.
 70448 | Depths:3 | Noticed Louise
 70454 | Depths:3 | Killed Louise
 70454 | Depths:3 | Reached skill level 10 in Dodging
 70540 | Depths:3 | Paralysed by an ogre mage for 2 turns
 70593 | Depths:3 | Noticed Mennas
 70595 | Depths:3 | Killed Mennas
 71605 | Depths:3 | Received a gift from Okawaru
 71975 | Depths:3 | Found a stormy altar of Qazlal.
 72050 | Depths:3 | Reached skill level 22 in Fighting
 72237 | Depths:4 | Paralysed by a lich for 2 turns
 72378 | Depths:4 | Noticed Jory
 72674 | Depths:4 | Killed Jory
 72824 | Depths:4 | Noticed Xtahua
 72834 | Depths:4 | Killed Xtahua
 73434 | Depths:4 | Noticed a golden dragon
 73440 | Depths:4 | Killed a golden dragon
 73717 | Depths:4 | Reached XP level 23. HP: 222/222 MP: 32/32
 73730 | Depths:4 | Noticed a caustic shrike
 73734 | Depths:4 | Killed a caustic shrike
 73849 | Depths:4 | Noticed a caustic shrike
 73863 | Depths:4 | Killed a caustic shrike
 74152 | Depths:4 | Received a gift from Okawaru
 74301 | Depths:4 | Noticed a juggernaut
 74309 | Depths:4 | Killed a juggernaut
 75059 | Depths:4 | Noticed a juggernaut
 75076 | Depths:4 | Killed a juggernaut
 75349 | Depths:4 | Noticed Saint Roka
 75464 | Depths:4 | Killed Saint Roka
 76122 | Depths:5 | Entered Level 5 of the Depths
 76421 | Depths:5 | Noticed a caustic shrike
 76421 | Depths:5 | Noticed a caustic shrike
 76421 | Depths:5 | Noticed a caustic shrike
 76421 | Depths:5 | Noticed a caustic shrike
 76441 | Depths:5 | Killed a caustic shrike
 76441 | Depths:5 | Received a gift from Okawaru
 76445 | Depths:5 | Killed a caustic shrike
 76451 | Depths:5 | Killed a caustic shrike
 76455 | Depths:5 | Killed a caustic shrike
 77348 | Depths:5 | Reached XP level 24. HP: 226/233 MP: 32/32
 77659 | Depths:5 | Found Dug Rops's Armour Emporium.
 78442 | Depths:5 | Reached skill level 15 in Crossbows
 78525 | Depths:5 | Found a gate to the Realm of Zot.
 78631 | Depths:5 | Noticed a juggernaut
 78635 | Depths:5 | Killed a juggernaut
 78635 | Depths:5 | Received a gift from Okawaru
 78888 | Depths:4 | Voluntarily entered the Abyss.
 78968 | Abyss:2  | Received a gift from Okawaru
 79015 | Abyss:2  | Reached skill level 23 in Fighting
 79091 | Abyss:2  | Received a gift from Okawaru
 79200 | Depths:4 | Escaped the Abyss
 79977 | Slime:1  | Entered Level 1 of the Pits of Slime
 80688 | Slime:2  | Received a gift from Okawaru
 81608 | Slime:5  | Entered Level 5 of the Pits of Slime
 83405 | Slime:5  | Noticed the Royal Jelly
 83420 | Slime:5  | Killed the Royal Jelly
 83420 | Slime:5  | Reached XP level 25. HP: 214/230 MP: 25/32
 83492 | Slime:4  | Received a gift from Okawaru
 84297 | Slime:5  | Got a slimy rune of Zot
 84299 | Slime:5  | Found the +3 sling "Punk" {acid, rCorr}
 84312 | Slime:5  | Got a scorched steel ring
 84320 | Slime:5  | Got a faintly glowing platinum ring
 84422 | Slime:5  | Identified the ring "Seful" {+Inv rF+ Int-5 Slay+4} (You
                  | found it on level 5 of the Pits of Slime)
 84423 | Slime:5  | Identified the ring of Trepidation {+Inv rF- MR+ Str+4
                  | SInv} (You found it on level 5 of the Pits of Slime)
 84605 | Slime:5  | Received a gift from Okawaru
 85098 | Zot:1    | Entered Level 1 of the Realm of Zot
 85192 | Zot:1    | Received a gift from Okawaru
 85592 | Zot:1    | Noticed an orb of fire
 85598 | Zot:1    | Killed an orb of fire
 85598 | Zot:1    | Received a gift from Okawaru
 87523 | Zot:3    | Received a gift from Okawaru
 87776 | Zot:3    | Found a transporter.
 88100 | Zot:3    | Received a gift from Okawaru
 88195 | Zot:3    | Found a transporter.
 88476 | Zot:3    | Reached skill level 24 in Fighting
 89472 | Zot:4    | Reached XP level 26. HP: 217/254 MP: 32/32
 90014 | Zot:4    | Received a gift from Okawaru
 90639 | Zot:4    | Found a transporter.
 90672 | Zot:4    | Found the +0 mask of the Dragon {MR+ Slay+3 SInv}
 90910 | Zot:5    | Entered Level 5 of the Realm of Zot
 91675 | Zot:5    | Received a gift from Okawaru
 91922 | Zot:5    | Noticed an ancient lich
 91924 | Zot:5    | Killed an ancient lich
 91956 | Zot:5    | Noticed an ancient lich
 91964 | Zot:5    | Killed an ancient lich
 92226 | Zot:5    | Received a gift from Okawaru
 92419 | Zot:5    | Noticed a Killer Klown
 92420 | Zot:5    | Noticed a Killer Klown
 92420 | Zot:5    | Noticed an orb of fire
 92439 | Zot:5    | Killed an orb of fire
 92446 | Zot:5    | Reached XP level 27. HP: 137/263 MP: 28/32
 92472 | Zot:5    | Noticed an ancient lich
 92476 | Zot:5    | Noticed an orb of fire
 92478 | Zot:5    | Noticed an ancient lich
 92480 | Zot:5    | Killed an ancient lich
 92487 | Zot:5    | Killed an orb of fire
 92493 | Zot:5    | Killed an ancient lich
 92493 | Zot:5    | Reached skill level 25 in Fighting
 93210 | Zot:5    | Got the Orb of Zot
 93261 | Zot:5    | Noticed an ancient lich
 93304 | Zot:4    | Noticed Efuitov the pandemonium lord
 93414 | Zot:2    | Received a gift from Okawaru
 93661 | D:11     | Noticed Inot the pandemonium lord
 93666 | D:11     | Cast into level 5 of the Abyss (Inot)
 93666 | Abyss:5  | Entered Level 5 of the Abyss
 93667 | Abyss:5  | Found a corrupted altar of Lugonu.
 93902 | D:11     | Escaped the Abyss
 94077 | D:9      | Noticed Hemimemm the pandemonium lord
 94259 | D:1      | Received a gift from Okawaru
 94297 | D:$      | Escaped with the Orb!

Illustrated notes

Levels and vault maps discovered:
D:1:      saegor_arrival_simple_a, layout_loops_ring, palyth_stone_intersect
D:2:      layout_rooms, serial_undead, serial_undead_e, serial_undead_c,
          serial_undead_e, serial_undead_c, serial_undead_a, serial_undead_f,
          serial_undead_c, serial_undead_c
D:3:      layout_basic, first_ration, gup_sewer_entry_glass,
          chequers_ecumenical_altar_lobes
D:4:      layout_gridville, kennysheep_little_box, old_standard_altar
D:5:      layout_loops_ring, basic_altar
D:6:      layout_loops_cross, minitemple, temple_fountains, supply_closet_lemuel
D:7:      layout_gridville, kiku_gazebo_garden_becter, serial_shops, shop,
          xom_teletrap_fun, uniq_menkaure, uniq_prince_ribbit1
D:8:      layout_gridville
D:9:      layout_long_grid, grunt_temple_overflow_lords_of_destruction,
          marbit_many_paths, orc_0_dummy
D:10:     layout_irregular_city, gammafunk_ghost_berserking_beasts
D:11:     layout_gridville, david_lair_generic, serial_shops, shop,
          kennysheep_mini_moat, shop, shop, shop, david_nohive_1, uniq_urug
D:12:     layout_roguey, serial_shops, shop
D:13:     layout_grid_maze, david_vaults_5
D:14:     layout_loops_corners, minivault_19, billiards_dpeg
D:15:     hangedman_depths_entry_try_elsewhere_first, layout_loops_corners,
          chequers_mini_garden, minivault_4, lemuel_oklob_altar
Lair:1:   layout_cave_pods, maelrawn_ghost_gauntlet_escape, lemuel_fruit_tree
Lair:2:   layout_hall_layers, serial_bayou_shore_b, uniq_maggie
Lair:3:   layout_layer_cave, spider_nest_entry_funnel_web,
          gauntlet_entry_generic, st_stairs_9, grunt_megastairs_1,
          infiniplex_staircase_pool
Lair:4:   layout_layer_cave, elwin_shoals_entry_rooms, beast_lair_carwin_9,
          minmay_lair_oklob_chamber
Lair:5:   wad_woods_structure_01, layout_regular_city, slime_altar_1
Lair:6:   wormcave, layout_regular_city, hangedman_lair_in_review, serial_bayou,
          serial_bayou_pond_d, serial_bayou_pond_b, serial_bayou_pond_d
Shoals:1: layout_shoals, serial_shops, shop, shop_coins,
          nicolae_shop_temple_entry_statues_fountains, hangedman_shoal_volcano
Shoals:2: layout_shoals, nicolae_shoals_stone_sculpture_thing,
          lemuel_altar_in_water
Shoals:3: layout_shoals, nicolae_shoals_isolated_beach, uniq_roxanne,
          uniq_ilsuiw, uniq_donald
Shoals:4: shoals_end_grunt_garden, layout_shoals
Spider:1: layout_spider_delve, minmay_another_anthill
Spider:2: layout_spider_delve
Spider:3: layout_spider_delve, uniq_nikola
Spider:4: grunt_spider_rune_island
Slime:1:  cheibrodos_slime_lost_civilization_2, layout_caves
Slime:2:  layout_caves
Slime:3:  layout_caves
Slime:4:  layout_caves
Slime:5
Orc:1:    layout_caves
Orc:2:    st_orc_town, layout_caves, minmay_orc_temple_a, uniq_azrael
Vaults:1: nicolae_vaults_know_your_exits, hangedman_vaults_slither, v_misc_30,
          vaults_room_ringed_pool, v_misc_4, v_misc_18, v_misc_24,
          layout_vaults_chaotic_city
Vaults:2: st_eye, nicolae_vaults_shelves_hall, nicolae_vaults_little_ls,
          grunt_vaults_trifunnel, v_misc_29, ontoclasm_vaults_gateway,
          nicolae_vaults_little_squares_2, nicolae_vaults_alarming,
          nicolae_vaults_ring_of_whatevers, nicolae_vaults_three_branches,
          nicolae_vaults_diagonal_hallway_7, vaults_room_corners,
          layout_vaults_ring, dummy_crypt_entry, serial_shops, shop, uniq_mara
Vaults:3: v_pattern_3, st_cells, nicolae_vaults_mini_display_case,
          hangedman_vaults_maws, vaults_room_pool, hangedman_vaults_impose,
          nicolae_vaults_rhombus_6, vaults_room_corners, layout_vaults_omnigrid,
          serial_shops, shop_statue
Vaults:4: vaults_mumra_lcd, ontoclasm_vaults_pinch, st_smaller_cells,
          grunt_vaults_funnel, v_pattern_2, vaults_dpeg_encased_lava,
          hangedman_vaults_capsules, grunt_vaults_bifocal, vaults_room_grid,
          hangedman_vaults_impose, v_misc_32, layout_vaults_maze
Depths:1: layout_gridlike, hex_intersection, grunt_pan_entry_sceptre,
          grunt_hell_entry_dis_mu, grunt_ministairs_2,
          minmay_checkered_concentric_circles
Depths:2: minmay_fractal_lines_corner, layout_gridlike, enter_ziggurat_b,
          hangedman_coc_ice_floe, enter_trove_0, serial_curves, eino_curves_01,
          eino_curves_03, minmay_starry_boxes, minmay_staircase_statues,
          grunt_megastairs_3
Depths:3: minmay_the_grid_octo_tiled_octocenter_mashed
          [minmay_the_grid_octo_checkerflower,
          minmay_the_grid_octo_vomiting_pacman, minmay_the_grid_octo_toaster,
          minmay_the_grid_octo_tetromino_candy,
          minmay_the_grid_octo_prize_big_c,
          minmay_the_grid_square_5x5_half_checkered,
          minmay_the_grid_square_5x5_hollow_slash,
          minmay_the_grid_square_5x5_spiral,
          minmay_the_grid_square_5x5_spiral_small], layout_basic, pan_entry,
          kennysheep_boxes, pf_hell_entry_tar_river,
          nicolae_abyss_entry_one_way_or_another, uniq_mennas
Depths:4: minmay_crescents, layout_gridlike, hangedman_geh_valley, nrook_uturn,
          abyss_entry, infiniplex_staircase_split_hallway, uniq_xtahua,
          uniq_saint_roka, uniq_jory
Depths:5: grunt_zot_entry_gee_three, layout_gridville, grunt_hell_horde,
          serial_shops, shop, serial_bayou_pond_c, serial_co_window_serial,
          co_window_paths_a, co_window_paths_b, co_window_of_opportunity_a,
          co_window_paths_a, co_window_corner_a, co_window_corner_b,
          co_window_of_opportunity_b, co_window_unsneaky_path_a,
          co_window_2corner, co_window_unsneaky_path_e, glass_columns_a,
          glass_columns_a, glass_columns_a, glass_columns_b, glass_columns_b
Zot:1:    layout_cellular_growth
Zot:2:    layout_twisted_circle
Zot:3:    gammafunk_its_a_trap, layout_gridlike, lemuel_elevator
Zot:4:    nicolae_zot_stationary_front, layout_misc_corridors,
          chequers_guarded_unrand_mask_of_the_dragon
Zot:5:    layout_misc_corridors, st_stairs_9, grunt_ministairs_7

Skill      XL: |  1  2  3  4  5  6  7  8  9 10 11 12 13 14 15 16 17 18 19 20 21 22 23 24 25 26 27 |
---------------+----------------------------------------------------------------------------------+-----
Dodging        | 3 6 8 9 11 12 | 12.4
Unarmed Combat | 4 5 6 7 9 10 12 13 15 16 18 19 20 21 | 21.0
Fighting       | 4 5 6 7 9 10 12 14 16 17 18 19 20 21 22 23 24 25 | 25.4
Armour         | 1 2 3 4 5 6 8 9 10 11 12 13 14 15 16 17 18 19 20 | 20.8
Invocations    | 1 4 5 6 7 11 13 | 13.5
Crossbows      | 3 6 8 9 11 12 13 14 16 18 19 20 | 20.8
Stealth        | |  2.1

Action                   |  1- 3 |  4- 6 |  7- 9 | 10-12 | 13-15 | 16-18 | 19-21 | 22-24 | 25-27 || total
-------------------------+-------+-------+-------+-------+-------+-------+-------+-------+-------++-------
Melee: Unarmed           |   121 |   201 |   279 |   677 |  1313 |  1006 |  1257 |   491 |   384 ||  5729
       Punch             |     3 |     6 |    11 |    38 |   125 |   114 |   207 |    59 |    58 ||   621
 Fire: Hunting sling     |       |     7 |   159 |   159 |   113 |       |       |       |       ||   438
       Heavy crossbow    |       |       |       |       |    70 |   375 |   186 |   503 |   473 ||  1607
       Arbalest          |       |       |       |       |    10 |       |       |   145 |       ||   155
Throw: Javelin           |       |       |       |     2 |       |       |       |       |       ||     2
       Dart              |       |       |       |     1 |       |     9 |       |       |       ||    10
       Throwing net      |       |       |       |       |       |     2 |       |     1 |       ||     3
Invok: Heroism           |       |       |     4 |    16 |    10 |    13 |     8 |     8 |     8 ||    67
       Finesse           |       |       |       |     4 |       |     2 |     2 |     4 |     3 ||    15
Evoke: Wand              |       |       |     2 |    12 |       |     1 |       |       |     3 ||    18
  Use: Scroll            |       |    18 |     3 |     7 |     9 |    18 |     7 |     3 |    11 ||    76
       Potion            |       |       |       |       |       |     8 |     1 |     4 |    17 ||    30
 Stab: Sleeping          |     1 |       |       |     1 |       |       |       |       |       ||     2
       Paralysed         |       |       |       |     1 |       |       |       |       |       ||     1
  Eat: Chunk             |     4 |     8 |    21 |    32 |    47 |    51 |    47 |    35 |    46 ||   291
       Ration            |       |       |       |     2 |       |     1 |     3 |     6 |     4 ||    16
Armor: Robe              |     6 |       |       |       |       |       |       |       |       ||     6
       Ring mail         |    20 |    59 |       |       |       |       |       |       |       ||    79
       Scale mail        |       |    24 |    97 |    62 |       |       |       |       |       ||   183
       Plate armour      |       |       |       |   252 |   239 |   781 |   484 |       |       ||  1756
       Chain mail        |       |       |       |       |   296 |       |       |       |       ||   296
       Gold dragon scale |       |       |       |       |       |       |    12 |   562 |   488 ||  1062
Dodge: Dodged            |    78 |   148 |   145 |   340 |   792 |  1122 |   656 |   447 |   398 ||  4126
Block: Other             |       |       |       |       |   161 |   317 |   236 |   138 |   130 ||   982
       Reflection        |       |       |       |       |    17 |    28 |    30 |     3 |     4 ||    82

Table legend:
 A = Non-vault XP
 B = Vault XP
 C = Vault XP percentage of total XP
 D = Non-vault monster count
 E = Vault monster count
 F = Vault count percentage of total count
                 A         B        C        D         E       F
            +---------+---------+-------+---------+---------+-------
      Total |  798733 |  568680 |  41.6 |    1424 |     648 |  31.3
            +---------+---------+-------+---------+---------+-------
        D:1 |      52 |       0 |   0.0 |      26 |       0 |   0.0
        D:2 |      54 |      23 |  29.9 |      16 |       7 |  30.4
        D:3 |      38 |      45 |  54.2 |      14 |       5 |  26.3
        D:4 |     445 |       0 |   0.0 |      20 |       0 |   0.0
        D:5 |     956 |       0 |   0.0 |      21 |       0 |   0.0
        D:6 |     502 |       0 |   0.0 |      15 |       0 |   0.0
        D:7 |     815 |     169 |  17.2 |      10 |       1 |   9.1
        D:8 |    1296 |       0 |   0.0 |      19 |       0 |   0.0
        D:9 |    3024 |     166 |   5.2 |      27 |       2 |   6.9
       D:10 |    1594 |      61 |   3.7 |      13 |       1 |   7.1
       D:11 |    4068 |    3516 |  46.4 |      27 |      18 |  40.0
       D:12 |    6755 |     242 |   3.5 |      43 |       4 |   8.5
       D:13 |   14004 |     997 |   6.6 |      37 |       1 |   2.6
       D:14 |    8676 |    1104 |  11.3 |      20 |       3 |  13.0
       D:15 |    9286 |    4661 |  33.4 |      25 |       6 |  19.4
     Lair:1 |    3892 |       0 |   0.0 |      15 |       0 |   0.0
     Lair:2 |    4241 |     398 |   8.6 |      18 |       1 |   5.3
     Lair:3 |    4656 |    3053 |  39.6 |      16 |       8 |  33.3
     Lair:4 |    2715 |    6273 |  69.8 |      13 |      16 |  55.2
     Lair:5 |   10184 |    4328 |  29.8 |      30 |      12 |  28.6
     Lair:6 |   14700 |   18352 |  55.5 |      56 |      42 |  42.9
   Shoals:1 |    9480 |    4302 |  31.2 |      21 |       9 |  30.0
   Shoals:2 |   11998 |       0 |   0.0 |      25 |       0 |   0.0
   Shoals:3 |   14500 |   10416 |  41.8 |      30 |      12 |  28.6
   Shoals:4 |   14052 |   15393 |  52.3 |      26 |      24 |  48.0
   Spider:1 |    9330 |    5861 |  38.6 |      31 |      33 |  51.6
   Spider:2 |   12469 |       0 |   0.0 |      34 |       0 |   0.0
   Spider:3 |   23940 |    4405 |  15.5 |      59 |       2 |   3.3
   Spider:4 |    8550 |   22309 |  72.3 |      26 |      38 |  59.4
    Slime:1 |    6577 |       0 |   0.0 |      10 |       0 |   0.0
    Slime:2 |   13377 |       0 |   0.0 |      17 |       0 |   0.0
    Slime:3 |    3904 |       0 |   0.0 |       6 |       0 |   0.0
    Slime:4 |   22469 |    1934 |   7.9 |      26 |       1 |   3.7
    Slime:5 |   19272 |   27473 |  58.8 |      32 |       9 |  22.0
      Orc:1 |    1874 |    2994 |  61.5 |      37 |      22 |  37.3
      Orc:2 |    1737 |    6565 |  79.1 |      34 |      51 |  60.0
   Vaults:1 |   48396 |   19517 |  28.7 |      82 |      35 |  29.9
   Vaults:2 |   29730 |   34365 |  53.6 |      52 |      35 |  40.2
   Vaults:3 |   20764 |   15881 |  43.3 |      34 |      18 |  34.6
   Vaults:4 |    7981 |   29427 |  78.7 |       9 |      30 |  76.9
   Depths:1 |   30581 |   17490 |  36.4 |      42 |      17 |  28.8
   Depths:2 |   22345 |   18027 |  44.7 |      28 |      12 |  30.0
   Depths:3 |   25971 |   38470 |  59.7 |      33 |      30 |  47.6
   Depths:4 |   53974 |   60445 |  52.8 |      52 |      38 |  42.2
   Depths:5 |   59839 |   23763 |  28.4 |      38 |      25 |  39.7
      Zot:1 |   39974 |       0 |   0.0 |      18 |       0 |   0.0
      Zot:2 |   14038 |       0 |   0.0 |       7 |       0 |   0.0
      Zot:3 |   44041 |    3927 |   8.2 |      25 |       1 |   3.8
      Zot:4 |   67007 |   18613 |  21.7 |      35 |      12 |  25.5
      Zot:5 |   33022 |  138082 |  80.7 |      19 |      41 |  68.3
    Abyss:2 |   15353 |    5492 |  26.3 |      37 |      20 |  35.1
    Abyss:5 |   20235 |       0 |   0.0 |      18 |       0 |   0.0
      Sewer |       0 |     141 | 100.0 |       0 |       6 | 100.0
            +---------+---------+-------+---------+---------+-------
